AoeStats
← MoroseZeus50

Nomad

505014567Analyzed
4v4 RM · 25d ago on Sep 7, 2026· 89m 39s· 8 players
Game mode
Random Map
Map size
231×231
Population
200
Speed
Normal
Resources
Standard
Victory
Conquest
Starting age
Dark Age
Ending age
Imperial Age
RankedLock teamsTeams togetherTeam positionsShared explorationLock speedFull tech treeHidden civsTurbo modeCheats
Victory
Defeat
🇨🇳 Vietnamese · China
933
+15
🇫🇷 Dravidians · France
932
+15
🇮🇩 Dravidians · Indonesia
898
+16
🇺🇸 Magyars · United States
824
+19
🇹🇷 Japanese · Türkiye
921
-17
🇬🇧 Cumans · United Kingdom
896
-16
🇨🇿 Mongols · Czechia
887
-16
🇩🇪 Italians · Germany
884
-16
ii BLACK xEAGLE
14:54 Feudal Age
16:03 Double-Bit Axe
20:49 Wheelbarrow
20:33 Fishing Lines
27:52 Castle Age
26:32 Horse Collar
27:08 Forging
27:48 Scale Barding Armor
28:48 Bloodlines
29:38 Loom
31:35 Iron Casting
31:04 Gold Mining
31:45 Fletching
33:40 Chain Barding Armor
35:49 Gold Shaft Mining
36:49 Steppe Husbandry
41:21 Imperial Age
77:48 Hand Cart
85:31 Pikeman
87:51 Bow Saw
Dzahy
5:31 Loom
13:48 Feudal Age
25:15 Castle Age
25:26 Double-Bit Axe
25:25 Horse Collar
27:39 Bow Saw
35:45 Fletching
35:55 Padded Archer Armor
36:01 Scale Barding Armor
38:52 Heavy Plow
39:52 Thumb Ring
40:18 Ballistics
41:03 Husbandry
41:14 Bloodlines
44:31 Forging
44:21 Scale Mail Armor
44:44 Chain Barding Armor
44:20 Bodkin Arrow
44:40 Leather Archer Armor
48:26 Imperial Age
49:30 Wheelbarrow
49:05 Heavy Camel Rider
51:37 Forging
58:04 Hand Cart
63:11 Iron Casting
66:54 Siphons
67:51 Chemistry
70:06 Shipwright
69:57 Clinker Construction
71:43 Elite Steppe Lancer
79:32 Gold Mining
79:32 Stone Mining
Icewulf 11
3:27 Loom
16:47 Feudal Age
17:17 Double-Bit Axe
17:17 Horse Collar
23:02 Castle Age
21:15 Forging
21:53 Padded Archer Armor
22:39 Fletching
23:25 Scale Mail Armor
24:53 Crossbowman
25:58 Bow Saw
26:03 Heavy Plow
27:28 Iron Casting
27:42 Bodkin Arrow
38:09 Leather Archer Armor
38:23 Pikeman
44:03 Imperial Age
47:04 Blast Furnace
51:27 Chain Mail Armor
54:58 Elite Genoese Crossbowman
Garp
14:02 Feudal Age
15:04 Fishing Lines
15:43 Gold Mining
19:11 Man-at-Arms
19:57 Horse Collar
24:58 Castle Age
23:37 Forging
23:27 Scale Mail Armor
25:32 Stone Mining
26:19 Gold Shaft Mining
25:33 Double-Bit Axe
26:41 Bow Saw
27:03 Heavy Plow
27:10 Squires
26:56 Gambesons
27:22 Long Swordsman
29:58 Chain Mail Armor
30:18 Iron Casting
31:23 Gillnets
33:04 Wheelbarrow
34:14 Fletching
34:24 Padded Archer Armor
37:31 Imperial Age
35:18 Hand Cart
35:27 Masonry
38:39 Kataparuto
38:23 Yasama
38:09 Two-Handed Swordsman
40:03 Blast Furnace
39:34 Plate Mail Armor
39:26 Guard Tower
39:22 Arrowslits
39:49 Fortified Wall
40:08 Pikeman
42:29 Conscription
42:53 Keep
42:38 Ballistics
43:19 Chemistry
44:12 Kataparuto
43:17 Elite Samurai
43:43 Halberdier
48:03 Leather Archer Armor
47:43 Bodkin Arrow
49:00 Heavy Cavalry Archer
50:05 Parthian Tactics
51:48 Murder Holes
53:28 Bracer
53:58 Ring Archer Armor
64:21 Elite Skirmisher
73:31 Scale Barding Armor
73:09 Treadmill Crane
79:52 Two-Man Saw
81:06 Capped Ram
MoroseZeus50
17:11 Feudal Age
18:28 Wheelbarrow
17:41 Double-Bit Axe
18:10 Horse Collar
24:32 Castle Age
23:13 Stone Mining
26:46 Hand Cart
33:44 Fletching
34:40 Bodkin Arrow
37:53 Imperial Age
35:55 Scale Barding Armor
36:56 Chain Barding Armor
36:57 Corvinian Army
39:25 Plate Barding Armor
39:14 Conscription
38:40 Elite Magyar Huszar
41:01 Husbandry
41:12 Bloodlines
76:27 Fishing Lines
78:41 Bracer
alabataille
5:09 Loom
12:46 Feudal Age
17:46 Castle Age
15:57 Stone Mining
15:57 Double-Bit Axe
18:41 Fishing Lines
21:45 Horse Collar
25:14 Heavy Plow
28:04 Fletching
29:46 Wheelbarrow
33:31 Imperial Age
33:14 Bodkin Arrow
Paradise
6:13 Loom
16:20 Feudal Age
20:34 Castle Age
20:44 Fletching
31:06 Crossbowman
35:43 Light Cavalry
38:54 Wheelbarrow
38:25 Pikeman
39:05 Squires
45:16 Imperial Age
43:03 Hand Cart
42:54 Arson
43:22 Forging
43:12 Scale Mail Armor
43:08 Bodkin Arrow
43:13 Padded Archer Armor
45:16 Iron Casting
46:26 Wootz Steel
46:44 Arbalester
48:28 Bracer
48:44 Leather Archer Armor
49:43 Elite Skirmisher
50:28 Thumb Ring
50:57 Ring Archer Armor
54:13 Horse Collar
55:35 Blast Furnace
54:50 Chain Mail Armor
56:37 Medical Corps
56:52 Conscription
57:38 Scale Barding Armor
60:47 Elite Urumi Swordsman
61:58 Halberdier
63:17 Imperial Skirmisher
67:44 Chemistry
67:05 Ballistics
75:55 Plate Mail Armor
75:45 Chain Barding Armor
83:58 Elite Elephant Archer
chentao_1209
15:44 Feudal Age
19:51 Castle Age
17:52 Double-Bit Axe
17:52 Horse Collar
21:59 Wheelbarrow
23:24 Bow Saw
23:42 Hand Cart
23:38 Gold Mining
24:25 Fletching
26:12 Ballistics
25:33 Treadmill Crane
26:14 Stone Mining
30:47 Stone Shaft Mining
32:19 Fortified Wall
32:50 Heavy Plow
34:35 Bodkin Arrow
34:42 Padded Archer Armor
38:17 Imperial Age
36:45 Chatras
36:51 Murder Holes
37:12 Scale Barding Armor
37:18 Forging
37:24 Leather Archer Armor
38:18 Bloodlines
38:15 Guard Tower
38:34 Scale Mail Armor
39:31 Paper Money
39:27 Bracer
41:34 Two-Man Saw
40:50 Elite Rattan Archer
42:53 Chemistry
45:31 Elite Battle Elephant
46:12 Husbandry
47:09 Cavalier
48:01 Siege Engineers
48:29 Ring Archer Armor
48:20 Chain Barding Armor
47:44 Fishing Lines
58:18 Plate Barding Armor
58:19 Iron Casting
60:06 Hoardings
82:24 Guilds
82:45 Coinage
82:16 Caravan
Connection lost

Rejoining the realm…

Still unreachable

The connection could not be restored.

Session expired

The server has moved on; the page needs a fresh start.